 Dungeon Crawl Stone Soup version 0.29-a0-284-gf9362112df (webtiles) character file.

Game seed: 6977817284695504124

49 Hubjo the Sneak (level 3, -3/26 HPs)
             Began as a Demonspawn Enchanter on Mar 16, 2022.
             Was an Initiate of Ashenzari.
             Slain by a worm (10 damage)
             ... on level 2 of the Dungeon.
             The game lasted 00:03:20 (1610 turns).

Hubjo the Sneak (Demonspawn Enchanter)              Turns: 1610, Time: 00:03:21

Health: -3/26      AC:  4    Str:  8    XL:     3   Next: 53%
Magic:  6/6        EV: 12    Int: 16    God:    Ashenzari [......]
Gold:   106        SH:  0    Dex: 15    Spells: 6/6 levels left

rFire   + . .      SeeInvis .   j - +4 club (spect)
rCold   . . .      Faith    .   (no shield)
rNeg    . . .      Spirit   .   b - +0 robe
rPois   .          Reflect  .   (no helmet)
rElec   .          Harm     .   (no cloak)
rCorr   .          Rampage  .   (no gloves)
Will    .....                   l - +1 pair of boots
Stlth   +++.......              (no amulet)
HPRegen 0.08/turn               d - ring "Lashed Chagrin" {rF+, Melee, Cun} (curse)
MPRegen 0.10/turn               (no ring)

@: no status effects
A: demonic touch 1
a: Renounce Religion, Shatter the Chains


You were on level 2 of the Dungeon.
You worshipped Ashenzari.
Ashenzari was noncommittal.
You visited 1 branch of the dungeon, and saw 2 of its levels.

You collected 106 gold pieces.

Inventory:

Hand Weapons
 a - a +1 dagger
 j - a +4 spectral club (weapon)
Armour
 b - a +0 robe (worn)
 l - a +1 pair of boots (worn)
Jewellery
 d - the cursed ring "Lashed Chagrin" (left hand) {rF+, Melee, Cun}
   (You found it on level 1 of the Dungeon)

   [ring of protection from fire]

   rF:        It protects you from fire.
   It has a curse which improves the following skills: Melee Combat: Short
   Blades, Long Blades, Axes, Maces & Flails, Polearms, Staves and Unarmed
   Combat.
   Cunning:   Dodging and Stealth.
Scrolls
 e - a scroll of teleportation {unknown}
 f - a scroll of identify {unknown}
 h - a scroll of enchant weapon {unknown}
 k - a scroll of amnesia {unknown}
Potions
 c - 2 potions of invisibility
 g - a potion of heal wounds {unknown}
 i - a potion of mutation {unknown}
 m - a potion of flight {unknown}


   Skills:
 * Level 1.6 Fighting
 - Level 0.8(1.1) Short Blades
 + Level 0.0 Maces & Flails
 - Level 1.7(2.1) Dodging
 * Level 3.4(3.8) Stealth
 + Level 2.3 Spellcasting
 + Level 3.3 Hexes


You had 6 spell levels left.
You didn't know any spells.
Your spell library contained the following spells:

 Spells                   Type           Power      Damage    Failure   Level
 Ensorcelled Hibernation  Hex/Ice        14%        N/A       16%         2
 Confusing Touch          Hex            12%        N/A       16%         3
 Tukima's Dance           Hex            12%        N/A       16%         3
 Static Discharge         Conj/Air       1%         N/A       30%         2
 Dazzling Flash           Conj/Hex       14%        N/A       30%         3
 Lightning Bolt           Conj/Air       0%         1d11      99%         5
 Maxwell's Capacitive Co  Air            0%         ∞         100%        8


Dungeon Overview and Level Annotations

Branches:
Dungeon (2/15)

Altars:
Ashenzari


Innate Abilities, Weirdness & Mutations

Your touch may inflict minor irresistible damage on your foes.


Message History

You open the door.
There is an open door here.
m - a fuming golden potion You open the door.
A bat and a worm come into view.
There are monsters nearby!
There are monsters nearby!
There is an open door here.
The helpless bat fails to defend itself.
You hit the bat.
You kill the bat!
The worm bites you!
You see here a bat corpse.
You barely miss the worm.
You touch the worm.
The worm is moderately wounded.
The worm bites you!
* * * LOW HITPOINT WARNING * * *
You are too injured to fight recklessly!
You are too injured to fight recklessly!
You are too injured to fight recklessly!
You are too injured to fight recklessly!
You are too injured to fight recklessly!
You are too injured to fight recklessly!
You are too injured to fight recklessly!
You are too injured to fight recklessly!
You are too injured to fight recklessly!
You are too injured to fight recklessly!
You are too injured to fight recklessly!
You are too injured to fight recklessly!
You are too injured to fight recklessly!
You are too injured to fight recklessly!
You are too injured to fight recklessly!
You are too injured to fight recklessly!
You are too injured to fight recklessly!
You barely miss the worm.
The worm is lightly wounded.
You hit the worm.
You touch the worm.
The worm is heavily wounded.
The worm bites you!
You die...

# # ### #.. #.# #w#
#@# ###### #.#
.....# #.# .....#
###'## .....#
#....# .....#
#....#
##############....#
#.......'....#
#.#######....#


You could see a worm.

Vanquished Creatures
  Jessica (D:2)
  A worm (D:2)
  An orc (D:2)
  2 hobgoblins (D:1)
  5 kobolds
  A quokka (D:2)
  3 ball pythons (D:1)
  4 bats
  2 frilled lizards (D:1)
  2 rats
22 creatures vanquished.

Notes
Turn   | Place    | Note
-------+----------+-------------------------------------------
     0 | D:1      | Hubjo the Demonspawn Enchanter began the quest for the Orb.
     0 | D:1      | Reached XP level 1. HP: 13/13 MP: 3/3
    98 | D:1      | Found a faded altar of an unknown god.
   306 | D:1      | Prayed at the altar of an unknown god.
   306 | D:1      | Became a worshipper of Ashenzari the Shackled
   491 | D:1      | Discovered your monstrous ancestry.
   491 | D:1      | Gained mutation: Your touch may inflict minor irresistible
                  | damage on your foes. [demonic ancestry]
   491 | D:1      | Reached XP level 2. HP: 20/20 MP: 5/5
  1120 | D:2      | Noticed Jessica
  1130 | D:2      | Reached skill level 1 in Fighting
  1137 | D:2      | Killed Jessica
  1138 | D:2      | Reached XP level 3. HP: 3/26 MP: 6/6
  1610 | D:2      | Slain by a worm

Illustrated notes

Levels and vault maps discovered:
D:1:      eino_arrival_cavern_b, layout_basic, ebering_ecumenical_altar_rust
D:2:      layout_basic, uniq_jessica

Skill      XL: |  1  2 |
---------------+-------+-----
Stealth        | 3 |  3.4
Fighting       | 1 |  1.6
Short Blades   | |  0.8
Dodging        | |  1.7
Spellcasting   | |  2.3
Hexes          | |  3.3

Action                   || total
-------------------------++-------
Melee: Dagger            ||    57
       Touch             ||     8
       Club              ||    11
Invok: Curse Item        ||     1
 Stab: Sleeping          ||     4
Armor: Robe              ||     7
Dodge: Dodged            ||    41

Table legend: (Time is in decaauts)
 A = Elapsed time spent in this place.
 B = Non-inter-level travel time spent in this place.
 C = Inter-level travel time spent in this place.
 D = Time resting spent in this place.
 E = Time spent auto-exploring this place.
 F = Levels seen in this place.
 G = Mean time per level.
                   A        B        C        D        E       F      G
               +--------+--------+--------+--------+--------+-----+--------+
         Total |   1615 |   1582 |     33 |      0 |   1322 |   2 |  807.5 |
       Dungeon |   1615 |   1582 |     33 |      0 |   1322 |   2 |  807.5 |
               +--------+--------+--------+--------+--------+-----+--------+

Top non-repeatable levels by time:
     D:1: 1122 daAuts
     D:2: 492 daAuts
